 Dungeon Crawl Stone Soup version 0.30-a0-728-gc68057be0a (webtiles) character file.

Game seed: 4081343057238416093

849 kae the Geomancer (level 8, -3/41 HPs)
             Began as a Gargoyle Earth Elementalist on Jan 30, 2023.
             Slain by an orc warrior
             ... wielding a +0 trident
              (16 damage)
             ... on level 6 of the Dungeon.
             The game lasted 00:03:59 (4222 turns).

kae the Geomancer (Gargoyle Earth Elementalist)     Turns: 4222, Time: 00:04:00

Health: -3/41      AC:  8    Str: 13    XL:     8   Next: 1%
Magic:  10/15      EV: 12    Int: 23    God:
Gold:   343        SH:  0    Dex: 16    Spells: 6/16 levels left

rFire   . . .      SeeInvis .    (no weapon)
rCold   . . .      Faith    .    (no shield)
rNeg    + . .      Spirit   .    a - +1 robe
rPois   ∞          Reflect  .    (no helmet)
rElec   +          Harm     .    (no cloak)
rCorr   .          Rampage  .    (no gloves)
Will    .....                    (no boots)
Stlth   ++                       (no amulet)
HPRegen 0.26/turn                I - +6 ring of intelligence
MPRegen 0.14/turn                D - +6 ring of dexterity

@: no status effects
A: sickness immunity, AC +5, negative energy resistance 1, electricity
resistance, torment resistance 1, petrification resistance
a: no special abilities


You were on level 6 of the Dungeon.
You visited 1 branch of the dungeon, and saw 6 of its levels.

You collected 343 gold pieces.


Innate Abilities, Weirdness & Mutations

You are immune to sickness and miasma.
Your stone body is resilient. (AC +5)
You are immune to poison.
You resist negative energy. (rN+)
You are resistant to electric shocks. (rElec)
You are resistant to unholy torment.
You are immune to petrification.


   Skills:
 - Level 1.5 Dodging
 - Level 2.1 Stealth
 + Level 4.9 Spellcasting
 - Level 0.7 Transmutations
 * Level 9.3 Earth Magic


You had 6 spell levels left.
You knew the following spells:

 Your Spells              Type           Power      Damage    Failure   Level
a - Sandblast             Erth           96%        2d20      1%          1
b - Passwall              Tmut/Erth      23%        N/A       1%          2
c - Stone Arrow           Conj/Erth      54%        3d10      4%          3
d - Petrify               Tmut/Erth      28%        N/A       12%         4

Your spell library contained the following spells:

 Spells                   Type           Power      Damage    Failure   Level
 Blink                    Tloc           10%        N/A       14%         2
 Lesser Beckoning         Tloc           10%        N/A       14%         2
 Momentum Strike          Conj/Tloc      10%        3d8       14%         2
 Ignite Poison            Fire/Tmut/Pois 6%         N/A       26%         3
 Inner Flame              Hex/Fire       5%         N/A       28%         3
 Kindle Blastsparks       Fire/Tloc/Air  10%        2d10      28%         3
 Flame Wave               Conj/Fire      5%         2d5       67%         4
 Sticky Flame             Conj/Fire      5%         2d3       67%         4
 Freezing Cloud           Conj/Ice/Air   2%         6-21      95%         5

Inventory:

Missiles
 d - 35 stones
 g - 4 javelins
 n - a throwing net {=f!f}
Armour
 a - a +1 robe (worn)
Magical Staves
 k - a staff of poison {!a}
   (You found it on level 2 of the Dungeon)
Jewellery
 D - a +6 ring of dexterity (right hand)
   (You found it on level 4 of the Dungeon)
 F - a ring of fire
   (You found it on level 1 of the Dungeon)
 I - a +6 ring of intelligence (left hand)
   (You found it on level 2 of the Dungeon)
 T - an amulet of faith {!P}
   (You found it on level 2 of the Dungeon)
Wands
 s - a wand of polymorph (1)
   (You took it off Sigmund on level 3 of the Dungeon)
 w - a wand of iceblast (7)
   (You found it on level 5 of the Dungeon)
Scrolls
 l - a scroll of noise {!r}
 o - 2 scrolls of immolation {!r!r}
 p - a scroll of blinking {!r}
 q - a scroll of enchant armour
Potions
 b - a potion of magic
 c - a potion of brilliance
 e - a potion of flight
 f - 3 potions of resistance
 h - 3 potions of heal wounds {@q2}
 i - 2 potions of cancellation
 j - a potion of haste {@q3}
 m - 3 potions of curing {@q1}
 r - a potion of might
 t - a potion of lignification {!q}
 v - a potion of attraction {!q}

Dungeon Overview and Level Annotations

Branches:
Dungeon (6/15) Zot: 26989
 Temple: D:4-7

Altars:
Ashenzari
Cheibriados
Hepliaklqana
Makhleb
Qazlal
Trog
Uskayaw
Yredelemnul
The Shining One

Shops:
D:2 ?

Annotations:
D:5 1 runed translucent door

.? #.# #. .. #.
#. #. #.# #o
##..##o#
##......#
###.....@##
....!..<..#
...............
######....#####
##..## #..#
#..# #..# #...


You could see an orc warrior and an orc.


Message History

You regained 2 mp, and now have 11/15 mp.
Unknown command.
Key pressed, stopping explore.
Unknown command. 😕 HP[+12] MP[+4]
You regained 12 hp, and now have 34/41 hp.
Your mp is fully restored (15).
Items here: )) [ †.
Found a stone staircase leading down.
o - 2 scrolls of immolation {!r!r} (gained 1)
You now have 343 gold pieces (gained 11).
Done exploring. 😎 HP[+7]
Your hp is fully restored (41).
Done exploring.
Done exploring.
Done exploring.
Done exploring.
As you read the scroll of identify {@r1}, it crumbles to dust.
h - 3 potions of heal wounds
As you read the scroll of identify {@r1}, it crumbles to dust.
v - a potion of attraction
Okay, then.
Okay, then.
You feel agile.
D - a +6 ring of dexterity (right hand) Done exploring.
Done exploring.
Done exploring.
(D) Dungeon
Where to? (Enter - D:5, ? - help)
There is a stone staircase leading down here.
You climb downwards.
There is a stone staircase leading up here.
There are monsters nearby!
There are monsters nearby!
Casting: Sandblast (safe; 1% risk of failure)
Confirm with . or Enter, or press ? or * to list all spells.
Aiming: Sandblast (safe; 1% risk of failure)
Press: ? - help, Shift-Dir - straight line, f - orc
Aim: an orc, wielding a +0 short sword and wearing a +0 ring mail (asleep, 100% to hit)
The blast of sand hits the orc!
You kill the orc!
The orc warrior shouts!
The orc warrior throws a boomerang of dispersal.
The boomerang of dispersal barely misses you. 😎 MP[-1]
You lost 1 mp, and now have 14/15 mp.
Casting: Sandblast (safe; 1% risk of failure)
Confirm with . or Enter, or press ? or * to list all spells.
Aiming: Sandblast (safe; 1% risk of failure)
Press: ? - help, Shift-Dir - straight line, f - orc warrior
Aim: an orc warrior, wielding a +0 trident, wearing a +0 chain mail and quivering boomerangs of dispersal (83% to hit)
The blast of sand hits the orc warrior.
An orc comes into view. It is wielding a +0 flail. 😎 MP[-1]
You lost 1 mp, and now have 13/15 mp.
Casting: Sandblast (safe; 1% risk of failure)
Confirm with . or Enter, or press ? or * to list all spells.
Aiming: Sandblast (safe; 1% risk of failure)
Press: ? - help, Shift-Dir - straight line, f/p - orc warrior
Aim: an orc warrior, wielding a +0 trident, wearing a +0 chain mail and quivering boomerangs of dispersal (lightly wounded, 83% to hit)
The blast of sand hits the orc warrior but does no damage.
The orc shouts!
The orc warrior hits you from afar with a +0 trident! 😕 HP[-9] MP[-1]
You take 9 damage, and now have 32/41 hp.
MASSIVE DAMAGE!! (PAUSE)
You lost 1 mp, and now have 12/15 mp.
Casting: Sandblast (safe; 1% risk of failure)
Confirm with . or Enter, or press ? or * to list all spells.
Aiming: Sandblast (safe; 1% risk of failure)
Press: ? - help, Shift-Dir - straight line, f/p - orc warrior
Aim: an orc warrior, wielding a +0 trident, wearing a +0 chain mail and quivering boomerangs of dispersal (lightly wounded, 83% to hit)
The blast of sand hits the orc warrior!
The orc warrior throws a boomerang of dispersal.
The boomerang of dispersal barely misses you.
The orc warrior hits you from afar with a +0 trident! 😮 HP[-9] MP[-1]
You take 9 damage, and now have 23/41 hp.
MASSIVE DAMAGE!! (PAUSE)
You lost 1 mp, and now have 11/15 mp.
Casting: Sandblast (safe; 1% risk of failure)
Confirm with . or Enter, or press ? or * to list all spells.
Aiming: Sandblast (safe; 1% risk of failure)
Press: ? - help, Shift-Dir - straight line, f/p - orc warrior
Aim: an orc warrior, wielding a +0 trident, wearing a +0 chain mail and quivering boomerangs of dispersal (moderately wounded, 83% to hit)
The blast of sand hits the orc warrior!
The orc warrior hits you from afar with a +0 trident!
* * * LOW HITPOINT WARNING * * *
Casting: Sandblast (safe; 1% risk of failure)
Confirm with . or Enter, or press ? or * to list all spells.
Aiming: Sandblast (safe; 1% risk of failure)
Press: ? - help, Shift-Dir - straight line, f/p - orc warrior
Aim: an orc warrior, wielding a +0 trident, wearing a +0 chain mail and quivering boomerangs of dispersal (severely wounded, 83% to hit)
The blast of sand hits the orc warrior but does no damage.
The orc warrior hits you from afar with a +0 trident.
* * * LOW HITPOINT WARNING * * *
The orc warrior hits you from afar with a +0 trident!
You die...

Skill      XL: |  1  2  3  4  5  6  7 |
---------------+----------------------+-----
Earth Magic    | 4 5 6 7 9 |  9.3
Spellcasting   | 3 4 |  4.9
Dodging        | |  1.5
Stealth        | |  2.1
Transmutations | |  0.7

Action                     |  1- 3 |  4- 6 |  7- 9 || total
---------------------------+-------+-------+-------++-------
  Melee: Unarmed           |    15 |       |       ||    15
   Cast: Sandblast         |    35 |    56 |    49 ||   140
         Stone Arrow       |       |     1 |       ||     1
    Use: Scroll            |     4 |    11 |     2 ||    17
 Armour: Robe              |     9 |     4 |    17 ||    30
  Dodge: Dodged            |    20 |     5 |    21 ||    46

Levels and vault maps discovered:
D:1:      zelgadis_glass_arrival_small, layout_loops_corners, kennysheep_boxes
D:2:      layout_basic, serial_shops, shop_scrolls, basic_altar,
          minmay_hedge_maze, kennysheep_generic_room_7
D:3:      layout_basic, trog_butcher_becter,
          mainiacjoe_overflow_large_starburst, uniq_sigmund
D:4:      layout_rooms, nicolae_hepliaklqana_hazy_memory,
          mainiacjoe_overflow_chevrons
D:5:      layout_loops_ring, mainiacjoe_overflow_big_doors,
          dk_yredelemnul_ordeal, dk_noncrumbling_2, grunt_decor_clamped,
          chequers_arboretum, st_stairs_5, minmay_fractal_squares_5
D:6:      layout_layer_cave, lemuel_tele_altar, nicolae_ashenzari_skybound,
          temple_doors_e

Notes
Turn   | Place    | Note
-------+----------+-------------------------------------------
     0 | D:1      | kae the Gargoyle Earth Elementalist began the quest for the
                  | Orb.
     0 | D:1      | Reached XP level 1. HP: 10/10 MP: 3/3
     0 | D:1      | magus.rc [v1.11.3]
    61 | D:1      | You pick up a book of Spatial Translocations and begin
                  | reading...
    61 | D:1      | You add the spells Blink, Momentum Strike and Lesser
                  | Beckoning to your library.
   115 | D:1      | Reached skill level 4 in Earth Magic
   262 | D:1      | Reached XP level 2. HP: 15/15 MP: 3/5
   335 | D:1      | Learned a level 2 spell: Passwall
   964 | D:2      | Found a broken altar of Ashenzari.
   998 | D:2      | Reached XP level 3. HP: 18/19 MP: 2/6
  1002 | D:2      | Learned a level 3 spell: Stone Arrow
  1080 | D:2      | Found Siefoer's Magic Scroll Boutique.
  1088 | D:2      | Reached skill level 5 in Earth Magic
  1228 | D:2      | Reached XP level 4. HP: 23/24 MP: 5/8
  1854 | D:3      | Found a burning altar of Makhleb.
  1863 | D:3      | Found a snail-covered altar of Cheibriados.
  1881 | D:3      | Reached skill level 3 in Spellcasting
  1950 | D:3      | Noticed Sigmund
  1952 | D:3      | Killed Sigmund
  1953 | D:3      | Reached skill level 6 in Earth Magic
  1953 | D:3      | Reached XP level 5. HP: 28/28 MP: 6/10
  1953 | D:3      | Reached XP level 6. HP: 32/32 MP: 6/11
  2249 | D:3      | Reached skill level 7 in Earth Magic
  2278 | D:3      | Found a bloodstained altar of Trog.
  2384 | D:3      | Learned a level 4 spell: Petrify
  2605 | D:4      | Reached skill level 4 in Spellcasting
  2618 | D:4      | Found a hide-covered altar of Uskayaw.
  2808 | D:4      | Found a hazy altar of Hepliaklqana.
  2985 | D:4      | You add the spells Kindle Blastsparks, Ignite Poison and
                  | Freezing Cloud to your library.
  3004 | D:5      | Entered Level 5 of the Dungeon
  3042 | D:5      | Noticed a human
  3043 | D:5      | Found a runed translucent door.
  3048 | D:5      | Reached XP level 7. HP: 30/36 MP: 8/13
  3081 | D:5      | Found a basalt altar of Yredelemnul.
  3102 | D:5      | Reached skill level 8 in Earth Magic
  3220 | D:5      | You pick up a book of Flames and begin reading...
  3220 | D:5      | You add the spells Inner Flame, Sticky Flame and Flame Wave
                  | to your library.
  3417 | D:5      | Found a glowing golden altar of the Shining One.
  3422 | D:5      | Found a stormy altar of Qazlal.
  4058 | D:5      | Reached skill level 9 in Earth Magic
  4062 | D:5      | Reached XP level 8. HP: 17/41 MP: 9/15
  4222 | D:6      | Slain by an orc warrior

Vanquished Creatures
  Sigmund (D:3)
  A centaur (D:5)
  2 scorpions (D:5)
  2 gnoll boudas (D:5)
  3 hounds (D:5)
  6 iguanas
  An orc wizard (D:4)
  6 adders
  2 white imps (D:5)
  2 ufetubi (D:5)
  4 worms
  3 dart slugs
  7 orcs
  3 bats
  5 endoplasms
  2 giant cockroaches (D:1)
  5 goblins
  3 hobgoblins (D:1)
  4 jackals (D:5)
  2 quokkas
  7 ball pythons
  2 frilled lizards
  7 kobolds
  A kobold skeleton (D:5)
  4 rats (D:3)
85 creatures vanquished.

Vanquished Creatures (others)
  3 plants (D:4)
3 creatures vanquished.

Grand Total: 88 creatures vanquished

Table legend:
 A = Non-vault XP
 B = Vault XP
 C = Vault XP percentage of total XP
 D = Non-vault monster count
 E = Vault monster count
 F = Vault count percentage of total count
                 A         B        C        D         E       F
            +---------+---------+-------+---------+---------+-------
      Total |     710 |     503 |  41.5 |      69 |      16 |  18.8
            +---------+---------+-------+---------+---------+-------
        D:1 |      29 |       0 |   0.0 |      16 |       0 |   0.0
        D:2 |      71 |       9 |  11.2 |      14 |       2 |  12.5
        D:3 |      39 |     238 |  85.9 |      13 |       5 |  27.8
        D:4 |     180 |       0 |   0.0 |      13 |       0 |   0.0
        D:5 |     388 |     256 |  39.8 |      12 |       9 |  42.9
        D:6 |       3 |       0 |   0.0 |       1 |       0 |   0.0
            +---------+---------+-------+---------+---------+-------

Illustrated notes

Table legend:
 A = Kills in this place as a percentage of kills in entire the game.
 B = Kills by you in this place as a percentage of kills by you in the entire game.
 C = Kills by friends in this place as a percentage of kills by friends in the entire game.
 D = Other kills in this place as a percentage of other kills in the entire game.
 E = Experience gained in this place as a percentage of experience gained in the entire game.
 F = Experience gained in this place divided by the number of levels of this place that you have seen.
                   A       B       C       D       E      F
               +-------+-------+-------+-------+-------+----------------------
         Total | 100.0 | 100.0 |   N/A |   N/A | 100.0 | 202.2
       Dungeon | 100.0 | 100.0 |   N/A |   N/A | 100.0 | 202.2
               +-------+-------+-------+-------+-------+----------------------

Table legend: (Time is in decaauts)
 A = Elapsed time spent in this place.
 B = Non-inter-level travel time spent in this place.
 C = Inter-level travel time spent in this place.
 D = Time resting spent in this place.
 E = Time spent auto-exploring this place.
 F = Levels seen in this place.
 G = Mean time per level.
                   A        B        C        D        E       F      G
               +--------+--------+--------+--------+--------+-----+--------+
         Total |   4290 |   4165 |    125 |     84 |   3573 |   6 |  715.0 |
       Dungeon |   4290 |   4165 |    125 |     84 |   3573 |   6 |  715.0 |
               +--------+--------+--------+--------+--------+-----+--------+

Top non-repeatable levels by time:
     D:5: 1233 daAuts
     D:1: 974 daAuts
     D:3: 787 daAuts
     D:2: 713 daAuts
     D:4: 572 daAuts
     D:6: 9 daAuts
